Blackhawks vs Stars

Created - 9 décembre 2020 at 07:15

Goals
1 2 3 OT1 T
Blackhawks 1 1 3 1 6
Stars 2 3 0 0 5
Shots
1 2 3 OT1 T
Blackhawks 3 14 15 2 34
Stars 13 11 13 3 40

1st period

1. Stars , Mikko Rantanen 10 (Ryan Strome 13, Richard Panik 3) at 2:06
2. Stars , Adam Henrique 5 (Mikko Rantanen 12) at 2:22
3. Blackhawks , Brett Connolly 2 (Tyler Bertuzzi 6, Luke Kunin 2) at 11:23

Penalties :
Yanni Gourde (CHI) for Holding (Minor) at 18:26

2nd period

4. Blackhawks , Luke Kunin 3 (Ryan Ellis 6, Yanni Gourde 6) at 0:46
5. Stars , Brandon Sutter 2 (Chris Tanev 5, J.T. Compher 4) at 2:25
6. Stars , J.T. Compher 6 (Paul Byron 4, Sam Lafferty 2) at 12:30
7. Stars , Paul Byron 2 (J.T. Compher 5, Thomas Chabot 8) at 15:17

Penalties :
Andrew Shaw (CHI) for Tripping (Minor) at 3:55, Dylan Strome (DAL) for Hooking (Minor) at 8:58, Carl Hagelin (CHI) for Slashing (Minor) at 16:22

3rd period

8. Blackhawks , Luke Kunin 4 (Tyler Bertuzzi 7, Brett Connolly 2) at 5:00
9. Blackhawks , Zach Parise 5 (Mikael Backlund 8, Mark Stone 9) at 6:07
10. Blackhawks , Andrew Shaw 1 (Niklas Hjalmarsson 3, Ryan Ellis 7) at 9:44

Penalties :
Ryan Strome (DAL) for Interference (Minor) at 0:16, Alan Quine (DAL) for Hooking (Minor) at 11:31

Overtime #1

11. Blackhawks , Tyler Bertuzzi 5 (Alex Steen 2, Zach Parise 5) at 4:29

Penalties :
No Penalty

Goalie Stats

David Rittich (CHI), 15 saves from 19 shots - (0,789), 32:30 minutes
Frederik Andersen (CHI), 20 saves from 21 shots - (0,952), W, 5-4-0, 31:59 minutes
Jaroslav Halak (DAL), 28 saves from 34 shots - (0,824), OTL, 6-2-1, 64:29 minutes

Players Stats for Blackhawks

Player Name              G  A  P  +/- PIM S  H  SB GA TA FO     MP     PP MP  PK MP  
------------------------------------------------------------------------------------
Alex Steen               0  1  1   3  0   2  2  0  0  0  0/0    13:38   0:00   2:19 
Andrew Shaw              1  0  1   1  2   7  1  0  1  0  0/0    10:18   0:00   0:00 
Braydon Coburn           0  0  0   1  0   0  0  2  0  0  0/0    16:40   0:00   2:18 
Brett Connolly           1  1  2   1  0   2  3  0  0  0  0/0    16:20   2:56   1:47 
Carl Hagelin             0  0  0  -2  2   2  1  0  0  0  0/0    13:19   0:00   2:17 
Carson Soucy             0  0  0   1  0   0  2  0  0  1  0/0    17:53   3:31   0:00 
Derek Forbort            0  0  0  -2  0   3  0  3  0  0  0/0    16:17   0:00   2:18 
Luke Kunin               2  1  3   2  0   3  0  0  0  0  13/20  17:12   2:56   1:45 
Mark Stone               0  1  1  -1  0   1  1  0  1  2  0/1    19:59   3:01   0:00 
Matt Benning             0  0  0  -2  0   1  0  2  0  0  0/0    16:44   2:26   0:00 
Michael Chaput           0  0  0   1  0   0  0  0  0  1  2/6    10:14   0:00   0:00 
Mikael Backlund          0  1  1  -1  0   1  0  1  0  2  9/18   19:20   3:01   0:00 
Niklas Hjalmarsson       0  1  1   2  0   0  2  1  0  3  0/0    28:07   2:26   3:39 
Ryan Ellis               0  2  2   1  0   5  2  0  1  1  0/0    28:48   3:31   3:39 
Tyler Bertuzzi           1  2  3   2  0   3  3  0  1  0  0/1    16:02   3:01   0:00 
Tyler Bozak              0  0  0  -2  0   2  0  1  0  0  6/13   15:04   0:00   3:46 
Yanni Gourde             0  1  1  -1  2   1  1  0  0  0  0/0    11:33   0:00   0:00 
Zach Parise              1  1  2  -1  0   1  2  1  1  0  2/5    19:59   2:56   0:00 

Players Stats for Stars

Player Name              G  A  P  +/- PIM S  H  SB GA TA FO     MP     PP MP  PK MP  
------------------------------------------------------------------------------------
Adam Henrique            1  0  1   1  0   4  6  0  0  1  1/1    21:27   3:27   0:00 
Alan Quine               0  0  0  -2  2   3  0  1  0  0  0/0    11:33   0:00   0:14 
Alec Martinez            0  0  0   0  0   0  0  2  1  0  0/0    22:31   3:05   2:04 
Brandon Sutter           1  0  1   0  0   3  1  2  1  0  3/7    17:55   2:30   2:53 
Chris Tanev              0  1  1   0  0   0  2  0  0  0  0/0    21:43   2:52   3:53 
Derrick Pouliot          0  0  0   0  0   1  0  0  0  0  0/0    11:36   0:00   1:17 
Dylan Strome             0  0  0  -1  2   3  0  0  0  0  0/3    10:04   0:00   0:16 
Gabriel Bourque          0  0  0   0  0   1  0  0  0  0  0/0    10:37   0:00   1:59 
J.T. Compher             1  2  3   1  0   4  2  0  2  0  7/16   18:01   2:30   2:36 
Joe Thornton             0  0  0  -2  0   0  0  0  0  0  5/8    12:54   0:00   0:08 
Marc Staal               0  0  0   0  0   1  1  2  0  1  0/0    25:42   2:52   3:16 
Mike Green               0  0  0   0  0   0  1  0  0  0  0/0    13:17   0:07   0:00 
Mikko Rantanen           1  1  2   1  0   6  1  1  1  0  1/2    22:08   3:27   0:09 
Paul Byron               1  1  2   1  0   5  1  0  0  0  0/0    14:10   2:30   0:00 
Richard Panik            0  1  1  -2  0   0  1  0  5  0  0/1    11:00   0:00   0:00 
Ryan Strome              0  1  1   1  2   5  3  1  0  0  15/26  22:40   3:27   0:41 
Sam Lafferty             0  1  1   0  0   1  0  0  0  1  0/0    10:29   0:00   2:58 
Thomas Chabot            0  1  1  -1  0   3  2  1  0  2  0/0    29:40   2:58   1:24 

3 Stars

1 - Luke Kunin (CHI)
2 - Tyler Bertuzzi (CHI)
3 - J.T. Compher (DAL)

Power Play

Blackhawks - 0 on 3 Attempt(s) - 0,00%
Stars - 0 on 3 Attempt(s) - 0,00%

Penalty Kill

Blackhawks - 3 on 3 Attempt(s) - 100,00% - Score 0 goal in Penalty Kill
Stars - 3 on 3 Attempt(s) - 100,00% - Score 0 goal in Penalty Kill

Team Stat

Blackhawks - Hits : 20 - Faceoff Wins : 32 - Blocked Shots : 11 - Penalty Minutes : 6
Stars - Hits : 21 - Faceoff Wins : 32 - Blocked Shots : 10 - Penalty Minutes : 6

Official

Referees : Troy Paterson and Garrett Rank
Linesman : Devin Berg and Bryan Pancich

Game Notes

Frederik Andersen enters game at 12:30 of 2nd period

Finance

Level 1 -- Attendance: 4038 (67,30%) -- Ticket Income 464 370 $
Level 2 -- Attendance: 3340 (66,80%) -- Ticket Income 250 500 $
Level 3 -- Attendance: 1444 (72,20%) -- Ticket Income 64 980 $
Level 4 -- Attendance: 2214 (55,35%) -- Ticket Income 66 420 $
Luxury Box -- Attendance: 684 (68,40%) -- Ticket Income 150 480 $
Game was played at the Dallas Arena.
Total Attendance: 11720 (65,11%)
Total Ticket Income: 996 750 $
Other Income: 488 408 $
Total Income: 1 485 158 $

Blackhawks

5 vs 5 Forward 
   Center                   Left Wing                Right Wing               Time % Phy DF OF 
 1 Mikael Backlund          Zach Parise              Mark Stone               34     1   1  3  
 2 Luke Kunin               Tyler Bertuzzi           Brett Connolly           28     1   2  2  
 3 Tyler Bozak              Yanni Gourde             Carl Hagelin             22     1   3  1  
 4 Michael Chaput           Alex Steen               Andrew Shaw              16     2   2  1  

5 vs 5 Defense 
   Defense                  Defense                                           Time % Phy DF OF 
 1 Ryan Ellis               Niklas Hjalmarsson                                40     1   2  2  
 2 Derek Forbort            Matt Benning                                      30     1   3  1  
 3 Braydon Coburn           Carson Soucy                                      30     3   2  0  
 4 Ryan Ellis               Niklas Hjalmarsson                                0      1   2  2  

PowerPlay Forward 
   Center                   Left Wing                Right Wing               Time % Phy DF OF 
 1 Mikael Backlund          Tyler Bertuzzi           Mark Stone               60     0   1  4  
 2 Luke Kunin               Zach Parise              Brett Connolly           40     0   1  4  

PowerPlay Defense
   Defense                  Defense                                           Time % Phy DF OF 
 1 Ryan Ellis               Carson Soucy                                      60     0   2  3  
 2 Matt Benning             Niklas Hjalmarsson                                40     0   2  3  

Penalty Kill 4 Players Forward 
   Center                   Wing                     Time % Phy DF OF 
 1 Tyler Bozak              Carl Hagelin             60     1   3  1  
 2 Luke Kunin               Alex Steen               40     1   3  1  

Penalty Kill 4 Players Defense
   Defense                  Defense                  Time % Phy DF OF 
 1 Ryan Ellis               Niklas Hjalmarsson       60     1   3  1  
 2 Derek Forbort            Braydon Coburn           40     1   3  1  

Penalty Kill - 3 Players Forward 
   Forward                                           Time % Phy DF OF 
 1 Carl Hagelin                                      60     1   3  1  
 2 Tyler Bozak                                       40     1   3  1  

Penalty Kill - 3 Players Defense
   Defense                  Defense                  Time % Phy DF OF 
 1 Ryan Ellis               Niklas Hjalmarsson       60     1   3  1  
 2 Derek Forbort            Matt Benning             40     1   3  1  

4 vs 4 Forward 
   Center                   Wing                     Time % Phy DF OF 
 1 Mikael Backlund          Mark Stone               60     1   2  2  
 2 Luke Kunin               Zach Parise              40     1   2  2  

4 vs 4 Defense
   Defense                  Defense                  Time % Phy DF OF 
 1 Ryan Ellis               Niklas Hjalmarsson       60     1   2  2  
 2 Derek Forbort            Braydon Coburn           40     1   2  2  

Last Minutes Offensive
   Center                   Left Wing                Right Wing               Defense                  Defense                  
   Mikael Backlund          Zach Parise              Mark Stone               Ryan Ellis               Niklas Hjalmarsson       

Last Minutes Defensive
   Center                   Left Wing                Right Wing               Defense                  Defense                  
   Tyler Bozak              Alex Steen               Yanni Gourde             Ryan Ellis               Niklas Hjalmarsson       

Goaltenders
Starting : David Rittich            
Backup : Frederik Andersen        

Extra Forwards
Normal : Mark Stone, Tyler Bertuzzi, Mikael Backlund - PP : Mark Stone, Tyler Bertuzzi - PK : Alex Steen
Extra Defensemen
Normal : Ryan Ellis, Niklas Hjalmarsson, Derek Forbort - PP : Ryan Ellis - PK : Ryan Ellis, Niklas Hjalmarsson
Penalty Shots
Braydon Coburn, Alex Steen, Zach Parise, Tyler Bozak, Ryan Ellis
Custom OT Lines Forwards
Mark Stone, Zach Parise, Tyler Bertuzzi, Mikael Backlund, Alex Steen, Luke Kunin, Tyler Bozak, Yanni Gourde, Brett Connolly, Andrew Shaw
Custom OT Lines Defensemen
Ryan Ellis, Niklas Hjalmarsson, Derek Forbort, Braydon Coburn, Carson Soucy

Scratches
Markus Nutivaara (Healthy), Brock McGinn (Healthy)

Stars

5 vs 5 Forward 
   Center                   Left Wing                Right Wing               Time % Phy DF OF 
 1 Ryan Strome              Mikko Rantanen           Adam Henrique            40     1   2  2  
 2 J.T. Compher             Paul Byron               Brandon Sutter           30     1   2  2  
 3 Joe Thornton             Alan Quine               Richard Panik            20     1   2  2  
 4 Dylan Strome             Gabriel Bourque          Sam Lafferty             10     1   2  2  

5 vs 5 Defense 
   Defense                  Defense                                           Time % Phy DF OF 
 1 Marc Staal               Thomas Chabot                                     40     1   2  2  
 2 Chris Tanev              Alec Martinez                                     30     1   2  2  
 3 Mike Green               Derrick Pouliot                                   20     1   2  2  
 4 Mike Green               Thomas Chabot                                     10     1   2  2  

PowerPlay Forward 
   Center                   Left Wing                Right Wing               Time % Phy DF OF 
 1 Ryan Strome              Mikko Rantanen           Adam Henrique            60     1   2  2  
 2 J.T. Compher             Paul Byron               Brandon Sutter           40     1   2  2  

PowerPlay Defense
   Defense                  Defense                                           Time % Phy DF OF 
 1 Alec Martinez            Thomas Chabot                                     60     1   2  2  
 2 Marc Staal               Chris Tanev                                       40     1   2  2  

Penalty Kill 4 Players Forward 
   Center                   Wing                     Time % Phy DF OF 
 1 Brandon Sutter           Sam Lafferty             60     1   2  2  
 2 Ryan Strome              J.T. Compher             40     1   2  2  

Penalty Kill 4 Players Defense
   Defense                  Defense                  Time % Phy DF OF 
 1 Chris Tanev              Marc Staal               60     1   2  2  
 2 Thomas Chabot            Alec Martinez            40     1   2  2  

Penalty Kill - 3 Players Forward 
   Forward                                           Time % Phy DF OF 
 1 Ryan Strome                                       60     1   2  2  
 2 Mikko Rantanen                                    40     1   2  2  

Penalty Kill - 3 Players Defense
   Defense                  Defense                  Time % Phy DF OF 
 1 Mike Green               Marc Staal               60     1   2  2  
 2 Thomas Chabot            Alec Martinez            40     1   2  2  

4 vs 4 Forward 
   Center                   Wing                     Time % Phy DF OF 
 1 Adam Henrique            Mikko Rantanen           60     1   2  2  
 2 Ryan Strome              J.T. Compher             40     1   2  2  

4 vs 4 Defense
   Defense                  Defense                  Time % Phy DF OF 
 1 Alec Martinez            Thomas Chabot            60     1   2  2  
 2 Marc Staal               Chris Tanev              40     1   2  2  

Last Minutes Offensive
   Center                   Left Wing                Right Wing               Defense                  Defense                  
   Ryan Strome              Mikko Rantanen           Adam Henrique            Alec Martinez            Thomas Chabot            

Last Minutes Defensive
   Center                   Left Wing                Right Wing               Defense                  Defense                  
   Ryan Strome              Mikko Rantanen           Brandon Sutter           Marc Staal               Thomas Chabot            

Goaltenders
Starting : Jaroslav Halak           
Backup : Dustin Tokarski          

Extra Forwards
Normal : Joe Thornton, Dylan Strome, Gabriel Bourque - PP : Joe Thornton, Dylan Strome - PK : Gabriel Bourque
Extra Defensemen
Normal : Mike Green, Derrick Pouliot, Thomas Chabot - PP : Mike Green - PK : Derrick Pouliot, Thomas Chabot
Penalty Shots
Ryan Strome, Mikko Rantanen, Adam Henrique, J.T. Compher, Joe Thornton
Custom OT Lines Forwards
Ryan Strome, Mikko Rantanen, Adam Henrique, J.T. Compher, Joe Thornton, Dylan Strome, Brandon Sutter, Gabriel Bourque, Paul Byron, Alan Quine
Custom OT Lines Defensemen
Thomas Chabot, Alec Martinez, Marc Staal, Chris Tanev, Mike Green

Scratches
Max Jones (Left Wrist Injury), Mikko Koskinen (Healthy)

% Time on Ice - Blackhawks

Lines # - Real PCT - Wanted PCT - Time Play
Normal Forward
1 - 32% - 34% - 15:11
2 - 25% - 28% - 11:48
3 - 23% - 22% - 10:53
4 - 21% - 16% - 10:14
Normal Defense
1 - 40% - 40% - 19:26
2 - 30% - 30% - 14:18
3 - 30% - 30% - 14:22
4 - 0% - 0% - 0:00
PP Forward
1 - 51% - 60% - 3:01
2 - 49% - 40% - 2:56
PP Defense
1 - 59% - 60% - 3:31
2 - 41% - 40% - 2:26
PK Forward
1 - 89% - 60% - 5:17
2 - 11% - 40% - 0:40
PK Defense
1 - 61% - 60% - 3:39
2 - 39% - 40% - 2:18
PK3 Forward
1 - 0% - 60%
2 - 0% - 40%
PK3 Defense
1 - 0% - 60%
2 - 0% - 40%
44 Forward
1 - 0% - 60%
2 - 0% - 40%
44 Defense
1 - 0% - 60%
2 - 0% - 40%
Last Minute Offensive  - 0:00
Last Minute Defensive  - 0:00
Total
Forward - 60:00
Defense - 60:00

% Time on Ice - Stars

Lines # - Real PCT - Wanted PCT - Time Play
Normal Forward
1 - 37% - 40% - 17:54
2 - 24% - 30% - 11:41
3 - 23% - 20% - 11:00
4 - 16% - 10% - 7:31
Normal Defense
1 - 41% - 40% - 19:41
2 - 32% - 30% - 15:13
3 - 20% - 20% - 9:44
4 - 7% - 10% - 3:28
PP Forward
1 - 58% - 60% - 3:27
2 - 42% - 40% - 2:30
PP Defense
1 - 52% - 60% - 3:05
2 - 48% - 40% - 2:52
PK Forward
1 - 74% - 60% - 4:24
2 - 26% - 40% - 1:33
PK Defense
1 - 65% - 60% - 3:53
2 - 35% - 40% - 2:04
PK3 Forward
1 - 0% - 60%
2 - 0% - 40%
PK3 Defense
1 - 0% - 60%
2 - 0% - 40%
44 Forward
1 - 0% - 60%
2 - 0% - 40%
44 Defense
1 - 0% - 60%
2 - 0% - 40%
Last Minute Offensive  - 0:00
Last Minute Defensive  - 0:00
Total
Forward - 60:00
Defense - 60:00

Play-by-Play

1st period


0:01 of 1st period - Mikael Backlund wins face-off versus Ryan Strome in neutral zone.
0:58 of 1st period - Slapshot by Carl Hagelin.
0:58 of 1st period - Stopped by Jaroslav Halak with a rebound.
1:58 of 1st period - Icing by Thomas Chabot.
1:59 of 1st period - Joe Thornton wins face-off versus Luke Kunin in Stars zone.
2:06 of 1st period - Wrist shot by Mikko Rantanen.
2:06 of 1st period - Goal by Mikko Rantanen - Blackhawks : 0 - Stars : 1.
2:07 of 1st period - Adam Henrique wins face-off versus Tyler Bozak in neutral zone.
2:22 of 1st period - Wrist shot by Adam Henrique.
2:22 of 1st period - Goal by Adam Henrique - Blackhawks : 0 - Stars : 2.
2:23 of 1st period - Luke Kunin wins face-off versus J.T. Compher in neutral zone.
2:58 of 1st period - Matt Benning is hit by Adam Henrique.
3:12 of 1st period - Mike Green is hit by Alex Steen and loses puck.
3:57 of 1st period - Wrist shot by Adam Henrique.
3:57 of 1st period - Stopped by David Rittich with a rebound.
3:59 of 1st period - Snap shot by Sam Lafferty.
3:59 of 1st period - Deflect By Dylan Strome.
3:59 of 1st period - Stopped by David Rittich with a rebound.
4:01 of 1st period - Slapshot by Derrick Pouliot.
4:01 of 1st period - Stopped by David Rittich without a rebound.
4:02 of 1st period - Mikael Backlund wins face-off versus Dylan Strome in Blackhawks zone.
4:22 of 1st period - Slapshot by Dylan Strome.
4:22 of 1st period - Shot Blocked by Zach Parise.
4:48 of 1st period - Backhand shot by Gabriel Bourque.
4:48 of 1st period - Shot Misses the Net.
4:50 of 1st period - Slapshot by Chris Tanev.
4:50 of 1st period - Shot Misses the Net.
5:04 of 1st period - Snap shot by Sam Lafferty.
5:04 of 1st period - Stopped by David Rittich without a rebound.
5:05 of 1st period - Luke Kunin wins face-off versus Brandon Sutter in Blackhawks zone.
7:08 of 1st period - Wrist shot by Brandon Sutter.
7:08 of 1st period - Shot Blocked by Mikael Backlund.
7:18 of 1st period - Mikael Backlund is hit by Ryan Strome and loses puck.
7:31 of 1st period - Mike Green is hit by Tyler Bertuzzi and loses puck.
8:13 of 1st period - Yanni Gourde is hit by Chris Tanev and loses puck.
8:52 of 1st period - Slapshot by Andrew Shaw.
8:52 of 1st period - Stopped by Jaroslav Halak without a rebound.
8:53 of 1st period - J.T. Compher wins face-off versus Michael Chaput in Stars zone.
9:02 of 1st period - Backhand shot by Paul Byron.
9:02 of 1st period - Stopped by David Rittich without a rebound.
9:03 of 1st period - Luke Kunin wins face-off versus J.T. Compher in Blackhawks zone.
9:03 of 1st period - Luke Kunin is hit by J.T. Compher.
9:06 of 1st period - Icing by Tyler Bertuzzi.
9:07 of 1st period - Luke Kunin wins face-off versus Ryan Strome in Blackhawks zone.
9:11 of 1st period - Off-side.
9:12 of 1st period - Luke Kunin wins face-off versus Ryan Strome in neutral zone.
9:14 of 1st period - Off-side.
9:15 of 1st period - Ryan Strome wins face-off versus Mikael Backlund in neutral zone.
9:18 of 1st period - Snap shot by Mikko Rantanen.
9:18 of 1st period - Stopped by David Rittich with a rebound.
10:30 of 1st period - Derek Forbort is hit by Chris Tanev and loses puck.
10:53 of 1st period - Mikael Backlund is hit by Ryan Strome and loses puck.
11:04 of 1st period - Zach Parise is hit by Thomas Chabot.
11:23 of 1st period - Snap shot by Brett Connolly.
11:23 of 1st period - Goal by Brett Connolly - Blackhawks : 1 - Stars : 2.
11:24 of 1st period - Ryan Strome wins face-off versus Mark Stone in neutral zone.
11:33 of 1st period - Slapshot by Ryan Strome.
11:33 of 1st period - Stopped by David Rittich without a rebound.
11:34 of 1st period - Mikael Backlund wins face-off versus Mikko Rantanen in Blackhawks zone.
11:34 of 1st period - Mikael Backlund is hit by Ryan Strome.
11:44 of 1st period - Slapshot by Mikael Backlund.
11:44 of 1st period - Shot Misses the Net.
12:01 of 1st period - Wrist shot by Ryan Strome.
12:01 of 1st period - Shot Blocked by Braydon Coburn.
12:03 of 1st period - Slapshot by Chris Tanev.
12:03 of 1st period - Shot Misses the Net.
12:05 of 1st period - Wrist shot by Adam Henrique.
12:05 of 1st period - Stopped by David Rittich without a rebound.
12:06 of 1st period - Luke Kunin wins face-off versus J.T. Compher in Blackhawks zone.
12:06 of 1st period - Luke Kunin is hit by Mike Green.
12:12 of 1st period - Paul Byron is hit by Tyler Bertuzzi.
12:31 of 1st period - Alan Quine is hit by Carl Hagelin.
12:47 of 1st period - Icing by Niklas Hjalmarsson.
12:48 of 1st period - Michael Chaput wins face-off versus Dylan Strome in Blackhawks zone.
12:59 of 1st period - Slapshot by Ryan Ellis.
12:59 of 1st period - Shot Misses the Net.
13:21 of 1st period - Snap shot by Sam Lafferty.
13:21 of 1st period - Shot Blocked by Matt Benning.
13:31 of 1st period - Slapshot by Dylan Strome.
13:31 of 1st period - Stopped by David Rittich without a rebound.
13:32 of 1st period - J.T. Compher wins face-off versus Mikael Backlund in Blackhawks zone.
14:03 of 1st period - Wrist shot by Yanni Gourde.
14:03 of 1st period - Shot Blocked by Alec Martinez.
14:51 of 1st period - Snap shot by J.T. Compher.
14:51 of 1st period - Stopped by David Rittich with a rebound.
15:14 of 1st period - Snap shot by Yanni Gourde.
15:14 of 1st period - Shot Misses the Net.
15:45 of 1st period - Sam Lafferty is hit by Mark Stone and loses puck.
16:10 of 1st period - Icing by Carson Soucy.
16:11 of 1st period - Ryan Strome wins face-off versus Michael Chaput in Blackhawks zone.
16:14 of 1st period - Wrist shot by Mikko Rantanen.
16:14 of 1st period - Shot Misses the Net.
16:26 of 1st period - Ryan Strome is hit by Carson Soucy and loses puck.
17:18 of 1st period - Off-side.
17:19 of 1st period - Mikael Backlund wins face-off versus J.T. Compher in neutral zone.
17:29 of 1st period - Snap shot by J.T. Compher.
17:29 of 1st period - Deflect By Brandon Sutter.
17:29 of 1st period - Stopped by David Rittich without a rebound.
17:30 of 1st period - Mikael Backlund wins face-off versus J.T. Compher in Blackhawks zone.
17:30 of 1st period - Mikael Backlund is hit by J.T. Compher.
18:24 of 1st period - Wrist shot by Sam Lafferty.
18:24 of 1st period - Shot Misses the Net.
18:26 of 1st period - Minor Penalty to Yanni Gourde for Holding.
18:27 of 1st period - Tyler Bozak wins face-off versus Ryan Strome in Blackhawks zone.
18:46 of 1st period - Niklas Hjalmarsson is hit by Thomas Chabot and loses puck.
Goals for this period are 1 for Blackhawks vs 2 for Stars.
Shots for this period are 3 for Blackhawks vs 13 for Stars.

2nd period


0:01 of 2nd period - Tyler Bozak wins face-off versus Ryan Strome in neutral zone.
0:08 of 2nd period - Snap shot by Ryan Ellis.
0:08 of 2nd period - Stopped by Jaroslav Halak with a rebound.
0:16 of 2nd period - Carl Hagelin is hit by Mikko Rantanen and loses puck.
0:26 of 2nd period - Penalty to Yanni Gourde is over, Yanni Gourde is back on ice.
0:27 of 2nd period - Paul Byron is hit by Yanni Gourde and loses puck.
0:38 of 2nd period - Slapshot by Ryan Ellis.
0:38 of 2nd period - Shot Blocked by Brandon Sutter.
0:40 of 2nd period - Snap shot by Ryan Ellis.
0:40 of 2nd period - Stopped by Jaroslav Halak with a rebound.
0:42 of 2nd period - Snap shot by Luke Kunin.
0:42 of 2nd period - Shot Misses the Net.
0:44 of 2nd period - Slapshot by Ryan Ellis.
0:44 of 2nd period - Shot Hit the Post.
0:46 of 2nd period - Snap shot by Luke Kunin.
0:46 of 2nd period - Goal by Luke Kunin - Blackhawks : 2 - Stars : 2.
0:47 of 2nd period - Mikael Backlund wins face-off versus Ryan Strome in neutral zone.
1:06 of 2nd period - Icing by Marc Staal.
1:07 of 2nd period - Ryan Strome wins face-off versus Luke Kunin in Stars zone.
2:02 of 2nd period - Niklas Hjalmarsson is hit by Marc Staal and loses puck.
2:11 of 2nd period - Slapshot by Mikko Rantanen.
2:11 of 2nd period - Shot Misses the Net.
2:13 of 2nd period - Slapshot by Mikko Rantanen.
2:13 of 2nd period - Stopped by David Rittich without a rebound.
2:14 of 2nd period - J.T. Compher wins face-off versus Mikael Backlund in Blackhawks zone.
2:17 of 2nd period - Wrist shot by Brandon Sutter.
2:17 of 2nd period - Stopped by David Rittich with a rebound.
2:19 of 2nd period - Slapshot by Chris Tanev.
2:19 of 2nd period - Shot Blocked by Matt Benning.
2:21 of 2nd period - Snap shot by Brandon Sutter.
2:21 of 2nd period - Shot Misses the Net.
2:23 of 2nd period - Snap shot by Brandon Sutter.
2:23 of 2nd period - Shot Misses the Net.
2:25 of 2nd period - Snap shot by Brandon Sutter.
2:25 of 2nd period - Goal by Brandon Sutter - Blackhawks : 2 - Stars : 3.
2:26 of 2nd period - J.T. Compher wins face-off versus Mikael Backlund in neutral zone.
2:39 of 2nd period - Wrist shot by Paul Byron.
2:39 of 2nd period - Stopped by David Rittich without a rebound.
2:40 of 2nd period - Luke Kunin wins face-off versus J.T. Compher in Blackhawks zone.
2:47 of 2nd period - Snap shot by Tyler Bertuzzi.
2:47 of 2nd period - Shot Blocked by Marc Staal.
2:49 of 2nd period - Wrist shot by Tyler Bertuzzi.
2:49 of 2nd period - Shot Misses the Net.
2:51 of 2nd period - Slapshot by Matt Benning.
2:51 of 2nd period - Stopped by Jaroslav Halak with a rebound.
2:53 of 2nd period - Slapshot by Luke Kunin.
2:53 of 2nd period - Shot Blocked by Marc Staal.
2:55 of 2nd period - Wrist shot by Derek Forbort.
2:55 of 2nd period - Stopped by Jaroslav Halak with a rebound.
3:08 of 2nd period - Wrist shot by Mark Stone.
3:08 of 2nd period - Shot Hit the Post.
3:10 of 2nd period - Slapshot by Derek Forbort.
3:10 of 2nd period - Stopped by Jaroslav Halak with a rebound.
3:12 of 2nd period - Slapshot by Derek Forbort.
3:12 of 2nd period - Shot Misses the Net.
3:14 of 2nd period - Slapshot by Derek Forbort.
3:14 of 2nd period - Deflect By Ryan Strome.
3:14 of 2nd period - Stopped by Jaroslav Halak with a rebound.
3:32 of 2nd period - Wrist shot by Carl Hagelin.
3:32 of 2nd period - Shot Blocked by Thomas Chabot.
3:34 of 2nd period - Slapshot by Ryan Ellis.
3:34 of 2nd period - Shot Misses the Net.
3:53 of 2nd period - Slapshot by Alec Martinez.
3:53 of 2nd period - Shot Misses the Net.
3:55 of 2nd period - Minor Penalty to Andrew Shaw for Tripping.
3:56 of 2nd period - Ryan Strome wins face-off versus Tyler Bozak in Blackhawks zone.
5:55 of 2nd period - Penalty to Andrew Shaw is over, Andrew Shaw is back on ice.
6:32 of 2nd period - Slapshot by Andrew Shaw.
6:32 of 2nd period - Stopped by Jaroslav Halak with a rebound.
6:48 of 2nd period - Alan Quine is hit by Brett Connolly.
6:56 of 2nd period - Derrick Pouliot is hit by Brett Connolly.
7:58 of 2nd period - Yanni Gourde is hit by Adam Henrique and loses puck.
8:13 of 2nd period - Snap shot by Mikael Backlund.
8:13 of 2nd period - Stopped by Jaroslav Halak with a rebound.
8:25 of 2nd period - Wrist shot by Luke Kunin.
8:25 of 2nd period - Stopped by Jaroslav Halak with a rebound.
8:50 of 2nd period - Icing by Alex Steen.
8:51 of 2nd period - Michael Chaput wins face-off versus Dylan Strome in Blackhawks zone.
8:56 of 2nd period - Snap shot by Andrew Shaw.
8:56 of 2nd period - Stopped by Jaroslav Halak with a rebound.
8:58 of 2nd period - Minor Penalty to Dylan Strome for Hooking.
8:59 of 2nd period - Mikael Backlund wins face-off versus Brandon Sutter in Stars zone.
10:58 of 2nd period - Penalty to Dylan Strome is over, Dylan Strome is back on ice.
11:07 of 2nd period - Wrist shot by Dylan Strome.
11:07 of 2nd period - Stopped by David Rittich with a rebound.
11:09 of 2nd period - Wrist shot by Alan Quine.
11:09 of 2nd period - Shot Misses the Net.
11:23 of 2nd period - Wrist shot by Andrew Shaw.
11:23 of 2nd period - Shot Blocked by Alec Martinez.
11:25 of 2nd period - Wrist shot by Alex Steen.
11:25 of 2nd period - Stopped by Jaroslav Halak with a rebound.
11:27 of 2nd period - Wrist shot by Michael Chaput.
11:27 of 2nd period - Shot Blocked by Alan Quine.
11:29 of 2nd period - Wrist shot by Alex Steen.
11:29 of 2nd period - Shot Misses the Net.
11:45 of 2nd period - Yanni Gourde is hit by Adam Henrique and loses puck.
12:30 of 2nd period - Snap shot by Paul Byron.
12:30 of 2nd period - Deflect By J.T. Compher.
12:30 of 2nd period - Goal by J.T. Compher - Blackhawks : 2 - Stars : 4.
12:30 of 2nd period - Frederik Andersen enters game.
12:31 of 2nd period - Mikko Rantanen wins face-off versus Mikael Backlund in neutral zone.
12:40 of 2nd period - Slapshot by Ryan Strome.
12:40 of 2nd period - Shot Misses the Net.
12:56 of 2nd period - Marc Staal is hit by Tyler Bertuzzi and loses puck.
13:27 of 2nd period - Mike Green is hit by Alex Steen and loses puck.
13:48 of 2nd period - Wrist shot by Ryan Strome.
13:48 of 2nd period - Stopped by Frederik Andersen without a rebound.
13:49 of 2nd period - Brandon Sutter wins face-off versus Zach Parise in Blackhawks zone.
14:16 of 2nd period - Snap shot by Mikael Backlund.
14:16 of 2nd period - Shot Misses the Net.
15:17 of 2nd period - Snap shot by Paul Byron.
15:17 of 2nd period - Goal by Paul Byron - Blackhawks : 2 - Stars : 5.
15:18 of 2nd period - Ryan Strome wins face-off versus Luke Kunin in neutral zone.
15:33 of 2nd period - Snap shot by Brett Connolly.
15:33 of 2nd period - Shot Misses the Net.
15:53 of 2nd period - Off-side.
15:54 of 2nd period - Joe Thornton wins face-off versus Luke Kunin in neutral zone.
16:22 of 2nd period - Minor Penalty to Carl Hagelin for Slashing.
16:23 of 2nd period - Ryan Strome wins face-off versus Tyler Bozak in Blackhawks zone.
16:54 of 2nd period - Wrist shot by Paul Byron.
16:54 of 2nd period - Stopped by Frederik Andersen without a rebound.
16:55 of 2nd period - Brandon Sutter wins face-off versus Tyler Bozak in Blackhawks zone.
16:58 of 2nd period - Snap shot by Paul Byron.
16:58 of 2nd period - Deflect By J.T. Compher.
16:58 of 2nd period - Stopped by Frederik Andersen with a rebound.
17:18 of 2nd period - Backhand shot by Ryan Strome.
17:18 of 2nd period - Stopped by Frederik Andersen without a rebound.
17:19 of 2nd period - Luke Kunin wins face-off versus Ryan Strome in Blackhawks zone.
17:44 of 2nd period - Slapshot by J.T. Compher.
17:44 of 2nd period - Deflect By Paul Byron.
17:44 of 2nd period - Shot Blocked by Tyler Bozak.
17:44 of 2nd period - Puck is out of play.
17:45 of 2nd period - Tyler Bozak wins face-off versus J.T. Compher in Blackhawks zone.
18:00 of 2nd period - Wrist shot by Paul Byron.
18:00 of 2nd period - Shot Blocked by Derek Forbort.
18:22 of 2nd period - Penalty to Carl Hagelin is over, Carl Hagelin is back on ice.
18:32 of 2nd period - Alan Quine is hit by Niklas Hjalmarsson and loses puck.
18:51 of 2nd period - Dylan Strome is hit by Andrew Shaw.
19:06 of 2nd period - Icing by Ryan Ellis.
19:07 of 2nd period - J.T. Compher wins face-off versus Michael Chaput in Blackhawks zone.
19:53 of 2nd period - Slapshot by Ryan Ellis.
19:53 of 2nd period - Stopped by Jaroslav Halak with a rebound.
19:57 of 2nd period - Wrist shot by Andrew Shaw.
19:57 of 2nd period - Shot Misses the Net.
19:59 of 2nd period - Slapshot by Ryan Ellis.
19:59 of 2nd period - Stopped by Jaroslav Halak without a rebound.
Goals for this period are 1 for Blackhawks vs 3 for Stars.
Shots for this period are 14 for Blackhawks vs 11 for Stars.

3rd period


0:01 of 3rd period - J.T. Compher wins face-off versus Luke Kunin in neutral zone.
0:04 of 3rd period - Snap shot by Paul Byron.
0:04 of 3rd period - Stopped by Frederik Andersen without a rebound.
0:05 of 3rd period - Luke Kunin wins face-off versus J.T. Compher in Blackhawks zone.
0:05 of 3rd period - Luke Kunin is hit by Paul Byron.
0:11 of 3rd period - Slapshot by Tyler Bertuzzi.
0:11 of 3rd period - Stopped by Jaroslav Halak with a rebound.
0:13 of 3rd period - Slapshot by Brett Connolly.
0:13 of 3rd period - Stopped by Jaroslav Halak without a rebound.
0:14 of 3rd period - Ryan Strome wins face-off versus Tyler Bertuzzi in Stars zone.
0:16 of 3rd period - Minor Penalty to Ryan Strome for Interference.
0:17 of 3rd period - Brandon Sutter wins face-off versus Mikael Backlund in Stars zone.
0:29 of 3rd period - Slapshot by Tyler Bertuzzi.
0:29 of 3rd period - Stopped by Jaroslav Halak with a rebound.
1:32 of 3rd period - J.T. Compher is hit by Brett Connolly and loses puck.
1:46 of 3rd period - Icing by Carson Soucy.
1:47 of 3rd period - Mikael Backlund wins face-off versus Brandon Sutter in Blackhawks zone.
2:16 of 3rd period - Penalty to Ryan Strome is over, Ryan Strome is back on ice.
2:24 of 3rd period - Snap shot by Ryan Strome.
2:24 of 3rd period - Shot Misses the Net.
2:26 of 3rd period - Snap shot by Ryan Strome.
2:26 of 3rd period - Stopped by Frederik Andersen with a rebound.
2:28 of 3rd period - Wrist shot by Mikko Rantanen.
2:28 of 3rd period - Stopped by Frederik Andersen without a rebound.
2:29 of 3rd period - Ryan Strome wins face-off versus Tyler Bozak in Blackhawks zone.
3:05 of 3rd period - Richard Panik is hit by Zach Parise and loses puck.
3:25 of 3rd period - Slapshot by J.T. Compher.
3:25 of 3rd period - Stopped by Frederik Andersen with a rebound.
4:05 of 3rd period - Snap shot by Yanni Gourde.
4:05 of 3rd period - Stopped by Jaroslav Halak without a rebound.
4:06 of 3rd period - Luke Kunin wins face-off versus J.T. Compher in Stars zone.
4:50 of 3rd period - Snap shot by Brett Connolly.
4:50 of 3rd period - Shot Misses the Net.
4:58 of 3rd period - Wrist shot by Tyler Bertuzzi.
4:58 of 3rd period - Shot Misses the Net.
5:00 of 3rd period - Wrist shot by Luke Kunin.
5:00 of 3rd period - Goal by Luke Kunin - Blackhawks : 3 - Stars : 5.
5:01 of 3rd period - Ryan Strome wins face-off versus Mikael Backlund in neutral zone.
6:07 of 3rd period - Slapshot by Zach Parise.
6:07 of 3rd period - Goal by Zach Parise - Blackhawks : 4 - Stars : 5.
6:08 of 3rd period - Luke Kunin wins face-off versus Ryan Strome in neutral zone.
7:34 of 3rd period - Slapshot by Ryan Ellis.
7:34 of 3rd period - Shot Blocked by Ryan Strome.
7:37 of 3rd period - Icing by Thomas Chabot.
7:38 of 3rd period - Ryan Strome wins face-off versus Mikael Backlund in Stars zone.
7:45 of 3rd period - Wrist shot by Ryan Strome.
7:45 of 3rd period - Shot Misses the Net.
7:47 of 3rd period - Slapshot by Thomas Chabot.
7:47 of 3rd period - Stopped by Frederik Andersen without a rebound.
7:48 of 3rd period - Ryan Strome wins face-off versus Mikael Backlund in Blackhawks zone.
7:53 of 3rd period - Wrist shot by Mikko Rantanen.
7:53 of 3rd period - Stopped by Frederik Andersen with a rebound.
7:55 of 3rd period - Slapshot by Ryan Strome.
7:55 of 3rd period - Shot Misses the Net.
7:57 of 3rd period - Slapshot by Thomas Chabot.
7:57 of 3rd period - Stopped by Frederik Andersen with a rebound.
7:59 of 3rd period - Slapshot by Marc Staal.
7:59 of 3rd period - Stopped by Frederik Andersen with a rebound.
8:40 of 3rd period - Wrist shot by Alan Quine.
8:40 of 3rd period - Stopped by Frederik Andersen with a rebound.
8:42 of 3rd period - Slapshot by Alec Martinez.
8:42 of 3rd period - Shot Blocked by Derek Forbort.
8:44 of 3rd period - Wrist shot by Alan Quine.
8:44 of 3rd period - Stopped by Frederik Andersen without a rebound.
8:45 of 3rd period - Ryan Strome wins face-off versus Luke Kunin in Blackhawks zone.
9:00 of 3rd period - Snap shot by Ryan Strome.
9:00 of 3rd period - Stopped by Frederik Andersen with a rebound.
9:28 of 3rd period - Icing by Chris Tanev.
9:29 of 3rd period - J.T. Compher wins face-off versus Michael Chaput in Stars zone.
9:34 of 3rd period - Wrist shot by Andrew Shaw.
9:34 of 3rd period - Stopped by Jaroslav Halak with a rebound.
9:36 of 3rd period - Snap shot by Alex Steen.
9:36 of 3rd period - Stopped by Jaroslav Halak with a rebound.
9:38 of 3rd period - Slapshot by Ryan Ellis.
9:38 of 3rd period - Shot Blocked by Mikko Rantanen.
9:40 of 3rd period - Snap shot by Andrew Shaw.
9:40 of 3rd period - Stopped by Jaroslav Halak with a rebound.
9:44 of 3rd period - Wrist shot by Andrew Shaw.
9:44 of 3rd period - Goal by Andrew Shaw - Blackhawks : 5 - Stars : 5.
9:45 of 3rd period - Ryan Strome wins face-off versus Luke Kunin in neutral zone.
9:48 of 3rd period - Slapshot by Thomas Chabot.
9:48 of 3rd period - Stopped by Frederik Andersen without a rebound.
9:49 of 3rd period - Luke Kunin wins face-off versus Ryan Strome in Blackhawks zone.
10:46 of 3rd period - Snap shot by Andrew Shaw.
10:46 of 3rd period - Shot Misses the Net.
10:48 of 3rd period - Wrist shot by Alex Steen.
10:48 of 3rd period - Shot Blocked by Brandon Sutter.
11:00 of 3rd period - Braydon Coburn is hit by Adam Henrique and loses puck.
11:31 of 3rd period - Minor Penalty to Alan Quine for Hooking.
11:32 of 3rd period - Mikael Backlund wins face-off versus Brandon Sutter in Stars zone.
13:03 of 3rd period - Ryan Strome is hit by Carson Soucy and loses puck.
13:31 of 3rd period - Penalty to Alan Quine is over, Alan Quine is back on ice.
13:56 of 3rd period - Alex Steen is hit by Adam Henrique and loses puck.
14:19 of 3rd period - Braydon Coburn is hit by Richard Panik and loses puck.
14:38 of 3rd period - Slapshot by Yanni Gourde.
14:38 of 3rd period - Shot Misses the Net.
14:48 of 3rd period - Mikael Backlund is hit by Brandon Sutter.
14:58 of 3rd period - Mikko Rantanen is hit by Ryan Ellis and loses puck.
15:04 of 3rd period - Off-side.
15:05 of 3rd period - Luke Kunin wins face-off versus Joe Thornton in neutral zone.
15:24 of 3rd period - Carl Hagelin is hit by Adam Henrique and loses puck.
15:52 of 3rd period - Snap shot by Zach Parise.
15:52 of 3rd period - Shot Misses the Net.
15:54 of 3rd period - Slapshot by Ryan Ellis.
15:54 of 3rd period - Stopped by Jaroslav Halak without a rebound.
15:55 of 3rd period - Tyler Bozak wins face-off versus Joe Thornton in Stars zone.
16:02 of 3rd period - Slapshot by Thomas Chabot.
16:02 of 3rd period - Shot Blocked by Braydon Coburn.
16:04 of 3rd period - Snap shot by Alan Quine.
16:04 of 3rd period - Stopped by Frederik Andersen without a rebound.
16:05 of 3rd period - Tyler Bozak wins face-off versus Joe Thornton in Blackhawks zone.
16:15 of 3rd period - Slapshot by Tyler Bozak.
16:15 of 3rd period - Stopped by Jaroslav Halak without a rebound.
16:16 of 3rd period - Joe Thornton wins face-off versus Tyler Bozak in Stars zone.
16:28 of 3rd period - Snap shot by Tyler Bozak.
16:28 of 3rd period - Stopped by Jaroslav Halak without a rebound.
16:29 of 3rd period - Tyler Bozak wins face-off versus Richard Panik in Stars zone.
16:30 of 3rd period - Wrist shot by Carl Hagelin.
16:30 of 3rd period - Stopped by Jaroslav Halak without a rebound.
16:31 of 3rd period - Joe Thornton wins face-off versus Tyler Bozak in Stars zone.
16:31 of 3rd period - Joe Thornton is hit by Ryan Ellis.
16:37 of 3rd period - Slapshot by Thomas Chabot.
16:37 of 3rd period - Shot Blocked by Niklas Hjalmarsson.
17:45 of 3rd period - Slapshot by Alex Steen.
17:45 of 3rd period - Deflect By Andrew Shaw.
17:45 of 3rd period - Stopped by Jaroslav Halak with a rebound.
19:15 of 3rd period - Thomas Chabot is hit by Niklas Hjalmarsson and loses puck.
Goals for this period are 3 for Blackhawks vs 0 for Stars.
Shots for this period are 15 for Blackhawks vs 13 for Stars.

Overtime #1


0:01 of 1st overtime period - Zach Parise wins face-off versus Ryan Strome in neutral zone.
0:14 of 1st overtime period - Snap shot by Zach Parise.
0:14 of 1st overtime period - Shot Misses the Net.
0:52 of 1st overtime period - Joe Thornton is hit by Zach Parise and loses puck.
2:22 of 1st overtime period - Snap shot by Brandon Sutter.
2:22 of 1st overtime period - Deflect By Gabriel Bourque.
2:22 of 1st overtime period - Stopped by Frederik Andersen with a rebound.
2:24 of 1st overtime period - Snap shot by Brandon Sutter.
2:24 of 1st overtime period - Shot Blocked by Derek Forbort.
2:56 of 1st overtime period - Icing by Thomas Chabot.
2:57 of 1st overtime period - Joe Thornton wins face-off versus Zach Parise in Stars zone.
3:12 of 1st overtime period - Wrist shot by Joe Thornton.
3:12 of 1st overtime period - Deflect By Ryan Ellis.
3:12 of 1st overtime period - Shot Misses the Net.
3:12 of 1st overtime period - Puck is out of play.
3:13 of 1st overtime period - Ryan Strome wins face-off versus Zach Parise in Blackhawks zone.
3:19 of 1st overtime period - Wrist shot by Mikko Rantanen.
3:19 of 1st overtime period - Stopped by Frederik Andersen without a rebound.
3:20 of 1st overtime period - Zach Parise wins face-off versus Ryan Strome in Blackhawks zone.
3:29 of 1st overtime period - Wrist shot by Mark Stone.
3:29 of 1st overtime period - Stopped by Jaroslav Halak with a rebound.
4:09 of 1st overtime period - Snap shot by Adam Henrique.
4:09 of 1st overtime period - Stopped by Frederik Andersen with a rebound.
4:11 of 1st overtime period - Snap shot by J.T. Compher.
4:11 of 1st overtime period - Shot Misses the Net.
4:27 of 1st overtime period - Wrist shot by Alex Steen.
4:27 of 1st overtime period - Shot Misses the Net.
4:29 of 1st overtime period - Wrist shot by Tyler Bertuzzi.
4:29 of 1st overtime period - Goal by Tyler Bertuzzi - Blackhawks : 6 - Stars : 5.
Goals for this period are 1 for Blackhawks vs 0 for Stars.
Shots for this period are 2 for Blackhawks vs 3 for Stars.